 Dungeon Crawl Stone Soup version 0.31.0-12-g77e489cdc1 (webtiles) character file.

Game seed: 13517292392216156606

380 Gadfly the Ruffian (level 6, -1/69 HPs)
             Began as a Demonspawn Shapeshifter on Feb 25, 2024.
             Slain by an orc
             ... wielding a +3 great sword
              (3 damage)
             ... on level 3 of the Dungeon.
             The game lasted 00:04:05 (2442 turns).

Gadfly the Ruffian (Demonspawn Shapeshifter)        Turns: 2442, Time: 00:04:06

Health: -1/69      AC: 23    Str: 16    XL:     6   Next: 46%
Magic:  6/6        EV:  2    Int: 10    God:
Gold:   117        SH:  0    Dex: 13    Spells: 5/5 levels left

rFire   . .          .
                       - Unarmed
rCold   . . .        (no shield)
rNeg    . . .        a - melded +0 animal skin
rPois   +            (helmet currently unavailable)
rElec   .            (cloak currently unavailable)
rCorr   .            (gloves currently unavailable)
SInv    .            (boots currently unavailable)
Will    .....        (no amulet)
Stlth   +            (no ring)
HPRegen 0.31/turn    (no ring)
MPRegen 0.10/turn

%: no passive effects
@: mighty, tree-form (expiring)
A: stationary, stasis, torment immunity, boosted hp, (antennae 1), (hooves 2)
a: no special abilities


You were on level 3 of the Dungeon.
You were a tree.
You visited 1 branch of the dungeon, and saw 3 of its levels.

You collected 117 gold pieces.

Inventory:

Armour
 a - a +0 animal skin (melded)
 h - a +0 helmet
Talismans
 c - a beast talisman (active)
 d - a flux talisman
Scrolls
 j - a scroll of enchant weapon
Potions
 i - a potion of attraction


   Skills:
 + Level 2.7 Fighting
 + Level 3.0 Dodging
 + Level 3.6 Unarmed Combat
 * Level 3.6 Evocations
 + Level 3.4 Shapeshifting


You had 5 spell levels left.
You didn't know any spells.
Your spell library contained the following spells:

 Spells                   Type           Power      Damage    Failure   Level
 Sting                    Conj/Alch      0%         1d3       36%         1
 Mercury Vapours          Alch/Air       0%         N/A       50%         2
 Olgreb's Toxic Radiance  Alch           0%         N/A       98%         4


Dungeon Overview and Level Annotations

Branches:
Dungeon (3/15)

Altars:
Kikubaaqudgha

Annotations:
D:3 Justthedoctor22's ghost, amateur GnSh


Innate Abilities, Weirdness & Mutations

You are a tree.
Your roots penetrate the ground, keeping you stationary.
You cannot be teleported.
You are immune to unholy pain and torment.
Your maximum health is greatly increased.
Your equipment is partially melded.
((You have a pair of small antennae on your head.))
((You have hoof-like feet.))


Message History

The orc completely misses you.
You smack the orc!
You kill the orc!
Your transformation is almost over.
Justthedoctor22's ghost hits you but does no damage.
It was a potion of heal wounds.
You feel much better. The orc completely misses you.
Justthedoctor22's ghost hits you but does no damage.
Okay, then.
You hit Justthedoctor22's ghost but do no damage.
Justthedoctor22's ghost is moderately damaged.
The orc hits you but does no damage.
You hit Justthedoctor22's ghost.
Justthedoctor22's ghost is heavily damaged.
Justthedoctor22's ghost hits you.
The orc priest mumbles some strange prayers to Beogh against you.
Beogh smites you!
* * * LOW HITPOINT WARNING * * *
The orc hits you but does no damage.
You hit Justthedoctor22's ghost but do no damage.
Justthedoctor22's ghost is heavily damaged.
Justthedoctor22's ghost hits you but does no damage.
The orc priest calls down the wrath of Beogh upon you.
Beogh smites you!
* * * LOW HITPOINT WARNING * * *
The orc hits you with a +3 great sword.
* * * LOW HITPOINT WARNING * * *
It was a potion of might.
You feel very mighty all of a sudden.
Justthedoctor22's ghost hits you but does no damage.
The orc priest looks satisfied for a moment.
The orc hits you but does no damage.
It was a potion of magic.
Magic courses through your body.
Justthedoctor22's ghost hits you but does no damage.
The orc hits you but does no damage.
You smack Justthedoctor22's ghost!
Justthedoctor22's ghost is almost destroyed.
Justthedoctor22's ghost hits you but does no damage.
The orc hits you with a +3 great sword.
You die...

....#.'..###..#.##.......
_.8.#['....#..#.###.#..##
[...#.'..#....#.# #.#..#
....#.#..###..#.###.#..#
..##..#..# #...........#
..8#..#.o# ##.#.....#..##
..##..#oo# #.#######....
8.....#oW# #..>.........
#######8♣# ##########...
#.### #... #.# #... #.#
#.#. #.###############.##
#...................
#################.## #...
####


You could see an orc priest, Justthedoctor22's ghost and 3 orcs.

Vanquished Creatures
  Grinder (D:3)
  3 vampire bats (D:3)
  A dart slug (D:1)
  2 ribbon worms
  5 orcs (D:3)
  4 bats
  3 bat skeletons (D:3)
  2 bat zombies (D:3)
  2 endoplasms
  A giant cockroach (D:1)
  5 goblins
  9 hobgoblins
  4 kobolds
  5 ball pythons
  6 frilled lizards
  8 rats
61 creatures vanquished.

Notes
Turn   | Place    | Note
-------+----------+-------------------------------------------
     0 | D:1      | Gadfly the Demonspawn Shapeshifter began the quest for the
                  | Orb.
     0 | D:1      | Reached XP level 1. HP: 15/15 MP: 1/1
   191 | D:1      | Discovered your monstrous ancestry.
   191 | D:1      | Gained mutation: You have large cloven feet. [demonic
                  | ancestry]
   191 | D:1      | Reached XP level 2. HP: 17/21 MP: 2/2
   302 | D:1      | Reached skill level 1 in Evocations
   825 | D:2      | Found a faded altar of an unknown god.
  1000 | D:2      | Gained mutation: You have hoof-like feet. [demonic
                  | ancestry]
  1000 | D:2      | Reached XP level 3. HP: 26/26 MP: 3/3
  1206 | D:3      | Found a runed translucent gate.
  1207 | D:3      | Found a runed translucent gate.
  1209 | D:3      | Noticed Justthedoctor22's ghost (amateur GnSh)
  1243 | D:3      | Noticed Grinder
  1340 | D:3      | Paralysed by Grinder for 5 turns
  1350 | D:3      | Found a runed translucent gate.
  1364 | D:3      | Killed Grinder
  1365 | D:3      | Reached XP level 4. HP: 18/34 MP: 4/4
  1365 | D:3      | Gained mutation: You have a pair of small antennae on your
                  | head. [demonic ancestry]
  1365 | D:3      | Reached XP level 5. HP: 20/39 MP: 5/5
  1725 | D:3      | Found an ancient bone altar of Kikubaaqudgha.
  1733 | D:3      | Reached XP level 6. HP: 32/46 MP: 6/6
  2439 | D:3      | HP: 1/69 [orc/+3 great sword (5)]
  2442 | D:3      | Slain by an orc

Illustrated notes

Levels and vault maps discovered:
D:1:      nagdon_arrival_zigzag_paths, layout_rooms
D:2:      minmay_general_purpose_star, layout_basic, basic_ecumenical_altar
D:3:      layout_loops_ring, kennysheep_vampire_church,
          biasface_ghost_orc_armoury, minmay_strange_pillars, uniq_grinder

Skill      XL: |  1  2  3  4  5  6 |
---------------+-------------------+-----
Evocations     | 1 3 |  3.6
Dodging        | 2 3 |  3.0
Unarmed Combat | 3 |  3.6
Fighting       | 2 |  2.7
Shapeshifting  | 3 |  3.4

Action                     |  1- 3 |  4- 6 || total
---------------------------+-------+-------++-------
  Melee: Unarmed           |    87 |    78 ||   165
         Punch             |     1 |     4 ||     5
         Kick              |    15 |     8 ||    23
Ability: Begin Untransform |     1 |       ||     1
    Use: Scroll            |     3 |     2 ||     5
         Potion            |     3 |     4 ||     7
 Armour: Animal skin       |    44 |    40 ||    84
         Skin              |     4 |    35 ||    39
  Dodge: Dodged            |    43 |    52 ||    95
   Form: Beast             |     1 |       ||     1
